 Dungeon Crawl Stone Soup version 0.21.0-25-ge575cb9 (webtiles) character file.

276027 Miyamura the Sharpshooter (level 21, -2/164 HPs)
             Began as a Formicid Fighter on Jan 23, 2018.
             Was a High Priest of Cheibriados.
             Killed from afar by a shock serpent (14 damage)
             ... with an electric aura
             ... in a wizard's laboratory.
             The game lasted 01:25:54 (48155 turns).

Miyamura the Sharpshooter (Formicid Fighter)       Turns: 48155, Time: 01:25:54

Health: -2/164     AC:  0    Str: 44    XL:     21   Next: 65%
Magic:  17/28      EV: 27    Int: 28    God:    Cheibriados [*****.]
Gold:   1307       SH:  0    Dex: 24    Spells: 20/20 levels left

rFire    . . .     SeeInvis .   (weapon currently unavailable)
rCold    . . .     Gourm    .   (shield currently unavailable)
rNeg     . . .     Faith    .   (armour currently unavailable)
rPois    .         Spirit   .   (helmet unavailable)
rElec    .         Reflect  .   (cloak currently unavailable)
rCorr    .         Harm     .   (gloves currently unavailable)
MR       ++...                  (boots currently unavailable)
Stlth    ++........             (no amulet)
HPRegen  0.37/turn              (ring currently unavailable)
MPRegen  0.21/turn              (ring currently unavailable)

@: mighty, pig-form, very slightly contaminated, drained, very slow
A: small, permanent stasis, dig shafts and tunnels, four strong arms
}: 1/15 runes: gossamer
a: Bend Time, Temporal Distortion, Slouch, Step From Time, Renounce Religion


You were in a wizard's laboratory.
You worshipped Cheibriados.
Cheibriados was extremely pleased with you.
You were not hungry.
You were a filthy swine.
You visited 7 branches of the dungeon, and saw 33 of its levels.
You also visited: Labyrinth, Bailey and Wizlab.

You collected 3239 gold pieces.
You spent 1932 gold pieces at shops.

Inventory:

Hand Weapons
 h - a +9 triple crossbow of flaming
 y - a +2 great sword of freezing
 z - the +0 arbalest of Valuable Assets (melded) {elec, rElec rF+}
   (You found it on level 2 of the Lair of Beasts)

   It charges the ammunition it shoots with electricity; occasionally upon a
   hit, such missiles may discharge and cause terrible harm.
   It protects you from fire.
   It insulates you from electricity.
 J - the +9 great sword "Qeniex" {antimagic, Int+4}
   (You bought it in a shop on level 3 of the Vaults)

   It reduces the magical energy of the wielder, and disrupts the spells and
   magical abilities of those hit.
   Natural abilities and divine invocations are not affected.
   It affects your intelligence (+4).
 N - the +8 halberd "Wautziuj" {elec, rF- MR+ Str+3 Dex+8}
   (You bought it in a shop on level 3 of the Vaults)

   Occasionally, upon striking a foe, it will discharge some electrical energy
   and cause terrible harm.
   It affects your strength (+3).
   It affects your dexterity (+8).
   It makes you vulnerable to fire.
   It affects your resistance to hostile enchantments.
 Q - the +4 trident "Syl Feawk" {antimagic, rF+ rC+ Str+2}
   (You found it on level 11 of the Dungeon)

   It reduces the magical energy of the wielder, and disrupts the spells and
   magical abilities of those hit.
   Natural abilities and divine invocations are not affected.
   It affects your strength (+2).
   It protects you from fire.
   It protects you from cold.
Missiles
 c - 738 bolts
 l - 5 throwing nets (quivered)
Armour
 b - the +5 pair of gloves of the Teacher (melded) {rC+ MR++}
   (You found it on level 7 of the Dungeon)

   It protects you from cold.
   It affects your resistance to hostile enchantments.
 q - a +3 plate armour of cold resistance (melded)
 r - a +3 shield of reflection (melded)
 A - a +2 pair of boots (melded)
 K - a +0 cloak (melded)
Jewellery
 p - a ring of poison resistance (melded)
 D - a ring of protection from fire (melded)
 W - an uncursed ring of positive energy
Wands
 a - a wand of acid (19)
 g - a wand of clouds (5)
 t - a wand of flame (77)
 u - a wand of polymorph (24)
 v - a wand of digging (13)
 F - a wand of paralysis (73)
 H - a wand of disintegration (24)
 R - a wand of iceblast (38)
 U - a wand of scattershot (9)
Scrolls
 e - 16 scrolls of remove curse
 i - 3 scrolls of identify
 o - 2 scrolls of amnesia
 x - 10 scrolls of fog
 L - 3 scrolls of fear
 O - 12 scrolls of immolation
 V - 4 scrolls of vulnerability
 Z - 2 scrolls of holy word
Potions
 j - 5 potions of ambrosia
 k - 2 potions of mutation
 m - 7 potions of curing
 s - a potion of flight
 B - 6 potions of lignification
 S - a potion of magic
 T - 5 potions of brilliance
 Y - 2 potions of heal wounds
Comestibles
 d - 2 chunks of flesh
 f - 41 rations


   Skills:
 - Level 13.9(13.6) Fighting
 - Level 8.1(7.9) Long Blades
   Level 13.3(13.0) Bows
 + Level 19.0(18.7) Crossbows
 - Level 13.8(13.6) Armour
 - Level 11.6(11.3) Dodging
 - Level 14.9(14.7) Shields
 - Level 9.7(9.5) Invocations


You had 20 spell levels left.
You didn't know any spells.

Dungeon Overview and Level Annotations

Branches:
Dungeon (15/15)            Temple (1/1) D:5            Lair (6/6) D:11
  Swamp (0/4) Lair:4       Spider (4/4) Lair:4        Slime (0/5) Lair:6
    Orc (2/2) D:10            Elf (2/3) Orc:2        Vaults (3/5) D:14
  Crypt (0/3) Vaults:2     Depths (0/5) D:15

Altars:
Ashenzari
Cheibriados
Dithmenos
Elyvilon
Fedhas
Gozag
Hepliaklqana
Kikubaaqudgha
Makhleb
Nemelex Xobeh
Okawaru
Qazlal
Ru
Sif Muna
Trog
Uskayaw
Vehumet
Wu Jian
Xom
Yredelemnul
Zin
The Shining One
Beogh

Shops:
D:9 :   D:11 ?   D:13 (   D:14 :   Orc:2 }[:%*   Elf:1 [%   Vaults:1 ?
Vaults:3 (*:

Portals:
Pandemonium: Orc:2

Annotations:
D:6 exclusion: oklob plant
D:13 1 runed door


Innate Abilities, Weirdness & Mutations

You cannot be hasted, slowed, berserked, paralysed or teleported.
You can dig through walls and to a lower floor.
Your four strong arms can wield two-handed weapons with a shield.
((You have a pair of large antennae on your head. (SInv)))


Message History

The apocalypse crab is engulfed in seething chaos.
The blizzard demon is engulfed in freezing vapours.
The blizzard demon waves its arms in wide circles.
The air twists around and strikes you!
The shock serpent completely misses you.
The apocalypse crab is engulfed in seething chaos.
The blizzard demon is engulfed in freezing vapours.
You see here 4 bolts.
You can feel time thicken for a moment.
You feel somewhat more hungry.
The shock serpent's electric aura discharges violently, shocking you!
The shock serpent closely misses you. The shock serpent misses you.
The blizzard demon is engulfed in freezing vapours.
The blizzard demon hits you. The blizzard demon misses you.
You can feel time thicken for a moment.
You kill the shock serpent!
Cheibriados thoroughly appreciates the change of pace.
You feel somewhat more hungry.
Cheibriados lowers the support of your attributes as your movement quickens.
The air sparks with electricity, shocking you!
You die...

≈≈≈##.##≈≈≈≈≈##
≈≈##§.§##≈≈≈≈≈#
###.(§§§##≈≈≈≈#
#....§§(§##≈###
.....§....###..
§§§...###.§§
##(## { ##..(##
##..|h(##
#....2†.#§
+.∩§∩.§('#.§..
#....§..#t....
##..§§(##§....
##.2.## t.##
##§## # .§.
§... {


You could see 2 blizzard demons and an apocalypse crab (paralysed).

Vanquished Creatures
  A bone dragon (Vaults:2)
  Nikola (Elf:1)
  Arachne (Spider:2)
  Rupert (D:12)
  Jorgrun (Spider:4)
  Gastronok (Lair:3)
  A sphinx (Vaults:1)
  Agnes (Elf:1)
  The ghost of komo4ek the Spear-Bearer, an adept NaVM of Cheibriados (Spider:2)
  Donald (Orc:2)
  2 fire giants (Vaults:3)
  Aizul (Spider:2)
  4 vault wardens
  A frost giant (Vaults:3)
  7 ghost moths
  9 emperor scorpions
  A war gargoyle (Vaults:2)
  2 very ugly things (Vaults:3)
  5 ironheart preservers
  5 stone giants
  7 entropy weavers
  Nessos (D:13)
  4 spark wasps
  Azrael (Elf:1)
  A deep elf annihilator (Vaults:2)
  Snorg (Orc:1)
  A fire dragon (Lair:6)
  A great orb of eyes (Vaults:3)
  A deep elf death mage (Vaults:3)
  A minotaur (Lab)
  2 yaktaur captains
  A rakshasa (Vaults:3)
  Harold (Lair:1)
  Fannar (Lair:1)
  4 hydras
  2 vault guards (Vaults:2)
  4 ogre magi
  2 ice dragons
  Erolcha (Orc:1)
  A catoblepas (Lair:6)
  8 centaur warriors
  A death knight (D:12)
  A spriggan air mage (WizLab)
  25 two-headed ogres
  9 dancing weapons
  3 shock serpents (WizLab)
  5 orc high priests
  13 deep elf knights
  3 unseen horrors
  A gelid demonspawn (Orc:2)
  2 glowing orange brains
  6 deep elf archers
  2 torturous demonspawn (Orc:2)
  A wizard (D:14)
  Pikel (D:8)
  3 harpies (Vaults:1)
  A necromancer (Vaults:2)
  7 ironbrand convokers
  An infernal demonspawn (Orc:2)
  A mana viper (shapeshifter) (Elf:1)
  14 orb spiders
  36 wolf spiders
  4 oklob plants (Lair:6)
  5 lindwurms
  A lindwurm (shapeshifter) (Vaults:2)
  15 orc knights
  11 orc sorcerers
  44 ugly things
  37 deep elf magi
  A shining eye (shapeshifter) (Vaults:3)
  A sphinx skeleton (Vaults:2)
  2 cyclopes
  2 manticores
  2 centaur zombies
  18 elephants (Lair:6)
  Joseph (D:7)
  4 black mambas
  A guardian serpent (shapeshifter) (Vaults:3)
  3 molten gargoyles (Lair:6)
  9 vault sentinels
  2 apocalypse crabs (WizLab)
  A gargoyle (D:13)
  3 centaur skeletons
  10 spiny frogs
  14 komodo dragons
  24 yaktaurs
  A tengu conjurer (D:15)
  2 yaktaurs (shapeshifter)
  An ice devil (Orc:2)
  4 demonic crawlers
  A hellwing (Orc:2)
  3 meliai (D:15)
  3 freezing wraiths (D:15)
  A queen bee (shapeshifter) (Vaults:1)
  A troll (shapeshifter) (D:15)
  10 hornets
  7 trolls
  31 jumping spiders
  Prince Ribbit (Lair:1)
  21 slime creatures
  6 hippogriffs
  13 blink frogs
  9 dream sheep (Lair:5)
  3 air elementals
  3 wraiths
  110 redbacks
  A spriggan (shapeshifter) (D:14)
  32 tarantellas
  A water elemental (Elf:1)
  A redback (shapeshifter) (D:15)
  6 basilisks
  2 wyverns
  71 yaks
  3 steam dragons (Lair:6)
  A chaos spawn (Orc:2)
  7 fire elementals
  A human (D:10)
  Grum (D:8)
  3 hogs (D:10)
  2 neqoxecs (Orc:2)
  A yaktaur simulacrum (Vaults:3)
  7 wargs
  2 acid dragons
  6 swamp worms (Lair:4)
  5 hell hounds
  11 water moccasins
  60 orc warriors
  3 black bears
  15 porcupines
  3 slaves (D:8)
  5 ice beasts
  3 sky beasts
  An eye of draining (D:15)
  19 ogres
  An ettin simulacrum (Vaults:2)
  A necrophage (D:8)
  13 wolves
  2 phantoms
  5 boggarts (Vaults:2)
  21 centaurs
  6 crocodiles
  3 big kobolds
  14 bullfrogs
  An earth elemental (Elf:1)
  3 gnoll sergeants (D:8)
  A wyvern skeleton (D:12)
  A human skeleton (Vaults:2)
  A scorpion (D:8)
  A human simulacrum (Vaults:3)
  11 killer bees
  10 electric eels
  5 howler monkeys
  2 crimson imps
  4 quasits
  5 lava snakes (Lair:6)
  A bullfrog zombie (D:10)
  2 hounds
  2 bullfrog skeletons
  17 orc wizards
  32 orc priests
  3 iguanas
  13 worker ants
  A killer bee zombie (D:5)
  A hound skeleton (D:9)
  2 howler monkey skeletons
  14 gnolls
  7 adders
  4 shadow imps
  An adder skeleton (D:10)
  3 worms
  4 leopard geckos
  102 orcs
  4 giant cockroaches
  6 goblins
  A hobgoblin (D:1)
  9 jackals
  21 kobolds
  5 quokkas
  A ball python (D:1)
  6 bats
  2 frilled lizards
  A jackal zombie (D:6)
  A leopard gecko zombie (D:5)
  A quokka skeleton (D:4)
  A quokka zombie (D:5)
  4 rats
1331 creatures vanquished.

Vanquished Creatures (others)
  An orc warlord (Orc:2)
  2 centaur warriors
  4 deep elf archers
  2 deep elf magi (Elf:1)
  3 cyclopes
  A vault sentinel (Vaults:1)
  7 yaktaurs
  2 redbacks (Spider:2)
  A slave (D:8)
  A human (D:10)
  6 centaurs
  An adder (D:6)
  A ball lightning (WizLab)
  2 goblins (D:13)
  7 kobolds (Bailey)
  30 fungi
  15 plants
86 creatures vanquished.

Grand Total: 1417 creatures vanquished

Notes
Turn   | Place    | Note
-------+----------+-------------------------------------------
     0 | D:1      | Miyamura the Formicid Fighter began the quest for the Orb.
     0 | D:1      | Reached XP level 1. HP: 18/18 MP: 1/1
   235 | D:1      | Reached XP level 2. HP: 21/24 MP: 2/2
   613 | D:2      | Reached XP level 3. HP: 22/29 MP: 3/3
   751 | D:2      | Reached skill level 1 in Dodging
  1440 | D:2      | Reached XP level 4. HP: 37/37 MP: 4/4
  2577 | D:3      | Reached XP level 5. HP: 42/42 MP: 5/5
  3099 | D:4      | Reached XP level 6. HP: 38/48 MP: 6/6
  3641 | D:4      | Noticed an ogre
  3668 | D:4      | Killed an ogre
  4117 | D:5      | Entered Level 5 of the Dungeon
  4153 | D:5      | Reached skill level 5 in Shields
  4153 | D:5      | Reached XP level 7. HP: 26/55 MP: 7/7
  4892 | D:5      | Reached skill level 5 in Fighting
  4990 | D:5      | Reached skill level 5 in Armour
  5136 | D:5      | Reached XP level 8. HP: 53/62 MP: 8/8
  5482 | D:5      | Found a sacrificial altar of Ru.
  5677 | D:5      | Found a staircase to the Ecumenical Temple.
  5686 | Temple   | Entered the Ecumenical Temple
  5927 | Temple   | Became a worshipper of Cheibriados the Contemplative
  6104 | D:6      | Found a shadowy altar of Dithmenos.
  6104 | D:6      | Noticed an oklob plant
  6817 | D:6      | Reached skill level 1 in Invocations
  7674 | D:7      | Got a pair of shimmering gloves
  7694 | D:7      | Identified the +5 pair of gloves of the Teacher {rC+ MR++} (You found it on level 7 of the Dungeon)
  7932 | D:7      | Reached * piety under Cheibriados
  7942 | D:7      | Reached XP level 9. HP: 68/69 MP: 10/10
  8139 | D:7      | Noticed Joseph
  8145 | D:7      | Reached skill level 5 in Long Blades
  8162 | D:7      | Killed Joseph
  9221 | D:8      | Found a white marble altar of Elyvilon.
  9517 | D:8      | Reached ** piety under Cheibriados
  9581 | D:8      | Reached XP level 10. HP: 77/77 MP: 13/13
  9632 | D:8      | Reached skill level 5 in Dodging
 10113 | D:8      | Reached skill level 5 in Invocations
 10147 | D:9      | Noticed a two-headed ogre
 10168 | D:8      | Killed a two-headed ogre
 10645 | D:9      | Found Wischaj's Book Boutique.
 10645 | D:9      | Noticed Grum
 10648 | D:9      | Noticed a two-headed ogre
 10678 | D:8      | Killed Grum
 10729 | D:9      | Noticed Pikel
 10742 | D:8      | Reached *** piety under Cheibriados
 10807 | D:8      | Killed Pikel
 11305 | D:9      | Killed a two-headed ogre
 11305 | D:9      | Reached XP level 11. HP: 62/86 MP: 15/15
 11483 | D:9      | Found an ancient bone altar of Kikubaaqudgha.
 11485 | D:9      | Found a deep blue altar of Sif Muna.
 11486 | D:9      | Found a sparkling altar of Nemelex Xobeh.
 11775 | D:10     | Entered Level 10 of the Dungeon
 11788 | D:10     | Reached **** piety under Cheibriados
 12104 | D:10     | Found a staircase to the Orcish Mines.
 12266 | D:10     | Noticed a manticore
 12276 | D:10     | Killed a manticore
 12491 | D:10     | Found an ancient bone altar of Kikubaaqudgha.
 13167 | D:11     | Found a staircase to the Lair.
 13337 | D:11     | Reached ***** piety under Cheibriados
 13481 | D:11     | Found Bofiah's Magic Scroll Emporium.
 13485 | D:11     | Bought a scroll of identify for 26 gold pieces
 13485 | D:11     | Bought a scroll of identify for 26 gold pieces
 13485 | D:11     | Bought a scroll of identify for 26 gold pieces
 13485 | D:11     | Bought a scroll of identify for 26 gold pieces
 13485 | D:11     | Bought a scroll of immolation for 45 gold pieces
 13485 | D:11     | Bought a scroll of immolation for 45 gold pieces
 13485 | D:11     | Bought a scroll of identify for 26 gold pieces
 13822 | D:11     | Got a dazzling trident
 13823 | D:11     | Identified the +4 trident "Syl Feawk" {antimagic, rF+ rC+ Str+2} (You found it on level 11 of the Dungeon)
 14315 | Lair:1   | Entered Level 1 of the Lair of Beasts
 14549 | Lair:1   | Noticed Prince Ribbit
 14564 | Lair:1   | Reached skill level 10 in Shields
 14569 | Lair:1   | Reached XP level 12. HP: 77/95 MP: 18/18
 14612 | Lair:1   | Killed Prince Ribbit
 14758 | Lair:1   | Noticed Harold
 14768 | Lair:1   | Killed Harold
 14840 | Lair:1   | Noticed Fannar
 14867 | Lair:1   | Killed Fannar
 15749 | Lair:2   | Reached skill level 10 in Armour
 15757 | Lair:2   | Found a labyrinth entrance.
 15770 | Lair:2   | Reached skill level 10 in Fighting
 15777 | Lab      | Entered a labyrinth
 16104 | Lab      | Noticed a minotaur
 16127 | Lab      | Killed a minotaur
 16174 | Lab      | Identified the Compendium of the Traveller
 16608 | Lair:2   | Reached XP level 13. HP: 103/103 MP: 20/20
 16640 | Lair:2   | Reached skill level 1 in Bows
 16959 | Lair:2   | Got an ivory arbalest
 16960 | Lair:2   | Identified the cursed +0 arbalest of Valuable Assets {elec, rElec rF+} (You found it on level 2 of the Lair of Beasts)
 17032 | Lair:3   | Found a deep blue altar of Sif Muna.
 17066 | Lair:3   | Reached skill level 1 in Crossbows
 17297 | Lair:3   | Noticed Gastronok
 17306 | Lair:3   | Killed Gastronok
 17306 | Lair:3   | Reached skill level 2 in Crossbows
 17371 | Lair:3   | Reached ****** piety under Cheibriados
 17401 | Lair:3   | Reached skill level 3 in Crossbows
 18494 | Lair:4   | Noticed a five-headed hydra
 18500 | Lair:4   | Killed a five-headed hydra
 18500 | Lair:4   | Reached skill level 4 in Crossbows
 18648 | Lair:4   | Found a hole to the Spider Nest.
 19141 | Lair:4   | Found a staircase to the Swamp.
 19615 | Lair:5   | Noticed a five-headed hydra
 19622 | Lair:5   | Killed a five-headed hydra
 19627 | Lair:5   | Reached skill level 5 in Crossbows
 20895 | Lair:6   | Entered Level 6 of the Lair of Beasts
 20897 | Lair:6   | Reached XP level 14. HP: 113/113 MP: 21/21
 21058 | Lair:6   | Reached skill level 6 in Crossbows
 21510 | Lair:6   | Reached skill level 7 in Crossbows
 21999 | Lair:6   | Reached skill level 8 in Crossbows
 22405 | Lair:6   | Found a staircase to the Slime Pits.
 22935 | Lair:6   | Found a large runed door.
 22936 | Lair:6   | Found a large runed door.
 22980 | Lair:6   | Reached XP level 15. HP: 117/120 MP: 22/22
 23425 | Lair:6   | Reached skill level 10 in Dodging
 23735 | Orc:1    | Entered Level 1 of the Orcish Mines
 23869 | Orc:1    | Noticed Snorg
 23885 | Orc:1    | Killed Snorg
 24037 | Orc:1    | Reached skill level 9 in Crossbows
 24089 | Orc:1    | You fall through a shaft!
 24089 | Orc:2    | Entered Level 2 of the Orcish Mines
 24101 | Orc:2    | Noticed an orc warlord
 24300 | Orc:2    | Noticed Donald
 24307 | Orc:2    | Killed Donald
 24443 | Orc:2    | Found a staircase to the Elven Halls.
 24557 | Orc:2    | Found Ahaiwn's Book Emporium.
 24719 | Orc:2    | Found Ubaofaba's Food Shop.
 24721 | Orc:2    | Found Vouggeat's General Store.
 24952 | Orc:2    | Reached skill level 10 in Crossbows
 25083 | Orc:2    | Killed an orc warlord
 25354 | Orc:2    | Bought a +2 triple crossbow of flaming for 450 gold pieces
 25354 | Orc:2    | Bought a potion of lignification for 45 gold pieces
 25932 | Orc:2    | Found Ymithral's Gadget Emporium.
 25932 | Orc:2    | Found a one-way gate leading to the halls of Pandemonium.
 25932 | Orc:2    | Found Tedise's Antique Armour Shoppe.
 25934 | Orc:2    | Bought a wand of acid (6) for 280 gold pieces
 26605 | Orc:1    | Noticed Erolcha
 26610 | Orc:1    | Killed Erolcha
 26859 | D:12     | Reached XP level 16. HP: 129/129 MP: 23/23
 26969 | D:12     | Found an ornate altar of the Wu Jian Council.
 27066 | D:12     | Found a roughly hewn altar of Beogh.
 27354 | D:12     | Noticed Rupert
 27363 | D:12     | Killed Rupert
 27803 | D:13     | Reached skill level 11 in Crossbows
 27831 | D:13     | Found a radiant altar of Vehumet.
 27950 | D:13     | Found Xuosurew's Weapon Boutique.
 27955 | D:13     | Found a flagged portal.
 27956 | D:13     | Noticed Nessos
 27960 | D:13     | Killed Nessos
 27969 | Bailey   | Entered a bailey
 28026 | Bailey   | Found a bloodstained altar of Trog.
 28351 | D:13     | Found a runed door.
 28352 | D:13     | Noticed a frost giant
 28354 | D:13     | Noticed a tengu reaver
 28881 | D:14     | Found a gate to the Vaults.
 29090 | D:14     | Found Abaj's Book Shop.
 29326 | D:15     | Entered Level 15 of the Dungeon
 29565 | D:15     | Reached XP level 17. HP: 135/137 MP: 24/24
 29747 | D:15     | Found a staircase to the Depths.
 30751 | Spider:1 | Entered Level 1 of the Spider Nest
 32725 | Spider:1 | Got a pitted plate armour
 32726 | Spider:1 | Identified the cursed +0 plate armour of a ziggurat {Str+4 Int+6 Dex-2} (You found it on level 1 of the Spider Nest)
 33071 | Spider:2 | Reached skill level 5 in Bows
 33250 | Spider:2 | Noticed komo4ek's ghost (adept NaVM)
 33579 | Spider:2 | Killed komo4ek's ghost
 33779 | Spider:2 | Noticed Aizul
 33793 | Spider:2 | Killed Aizul
 34654 | Spider:2 | Noticed Arachne
 34678 | Spider:2 | Killed Arachne
 34678 | Spider:2 | Reached XP level 18. HP: 78/145 MP: 25/25
 37278 | Spider:4 | Entered Level 4 of the Spider Nest
 37282 | Spider:4 | Reached skill level 10 in Bows
 38025 | Spider:4 | Noticed Jorgrun
 38029 | Spider:4 | Killed Jorgrun
 38967 | Spider:4 | Reached XP level 19. HP: 149/151 MP: 15/26
 39436 | Spider:4 | Got a gossamer rune of Zot
 39743 | Vaults:1 | Entered Level 1 of the Vaults
 40447 | Vaults:1 | Reached skill level 12 in Crossbows
 41557 | Vaults:1 | Reached skill level 13 in Crossbows
 41740 | Vaults:1 | Found Coenlim's Magic Scroll Boutique.
 41875 | Vaults:1 | Bought a scroll of enchant weapon for 120 gold pieces
 41875 | Vaults:1 | Bought a scroll of enchant weapon for 120 gold pieces
 42315 | Vaults:2 | Reached skill level 14 in Crossbows
 42316 | Vaults:2 | Reached XP level 20. HP: 143/158 MP: 27/27
 42813 | Vaults:2 | Noticed a bone dragon
 42819 | Vaults:2 | Killed a bone dragon
 42891 | Vaults:2 | Reached skill level 15 in Crossbows
 42925 | Vaults:2 | Found a staircase to the Crypt.
 43866 | Vaults:3 | Found Meick's Assorted Antiques.
 43872 | Vaults:3 | Bought a brightly glowing great sword for 356 gold pieces
 43872 | Vaults:3 | Bought a scroll of identify for 62 gold pieces
 43872 | Vaults:3 | Identified the +9 great sword "Qeniex" {antimagic, Int+4} (You bought it in a shop on level 3 of the Vaults)
 43873 | Vaults:3 | Bought a fine halberd for 279 gold pieces
 43873 | Vaults:3 | Identified the +8 halberd "Wautziuj" {elec, rF- MR+ Str+3 Dex+8} (You bought it in a shop on level 3 of the Vaults)
 43926 | Vaults:3 | Reached skill level 16 in Crossbows
 44204 | Vaults:3 | Found Carghuc's Book Boutique.
 44994 | Vaults:3 | Reached skill level 17 in Crossbows
 45230 | Vaults:3 | Reached XP level 21. HP: 154/164 MP: 28/28
 45451 | Vaults:3 | Found Veol's Antique Weapon Shop.
 45615 | Vaults:3 | Found a blossoming altar of Fedhas.
 46128 | Elf:1    | Entered Level 1 of the Elven Halls
 46355 | Elf:1    | Noticed Nikola
 46363 | Elf:1    | Noticed Agnes
 46365 | Elf:1    | Killed Agnes
 46374 | Elf:1    | Killed Nikola
 46725 | Elf:1    | Found Ikij's Armour Shop.
 46779 | Elf:1    | Reached skill level 18 in Crossbows
 47099 | Elf:1    | Noticed Azrael
 47101 | Elf:1    | Killed Azrael
 47277 | Elf:1    | Found Cotodiy's Food Emporium.
 48043 | Elf:2    | Found a magical portal.
 48046 | WizLab   | Entered The Chambers of the Cloud Mage
 48147 | WizLab   | Reached skill level 19 in Crossbows
 48155 | WizLab   | Killed from afar by a shock serpent

Skill      XL: |  1  2  3  4  5  6  7  8  9 10 11 12 13 14 15 16 17 18 19 20 21 |
---------------+----------------------------------------------------------------+-----
Dodging        | 1 2 3 4 6 7 8 9 10 11 | 11.6
Shields        | 4 5 6 7 8 10 11 12 13 14 | 14.9
Fighting       | 4 5 6 8 9 10 11 12 13 | 13.9
Armour         | 4 5 6 8 9 10 11 12 13 | 13.8
Long Blades    | 3 4 5 6 7 8 |  8.1
Invocations    | 2 4 6 8 9 |  9.7
Bows           | 1 7 12 13 | 13.3
Crossbows      | 5 8 10 11 14 17 19 | 19.0

Action                   |  1- 3 |  4- 6 |  7- 9 | 10-12 | 13-15 | 16-18 | 19-21 || total
-------------------------+-------+-------+-------+-------+-------+-------+-------++-------
Melee: Long sword        |    82 |     7 |       |       |    43 |       |       ||   132
       Dagger            |       |   100 |    26 |       |       |       |       ||   126
       Falchion          |       |    16 |   286 |   718 |    18 |       |       ||  1038
       Great sword       |       |       |       |       |       |    42 |       ||    42
       Longbow           |       |       |       |       |       |     2 |       ||     2
       Unarmed           |       |       |       |       |       |       |     1 ||     1
 Fire: Shortbow          |       |       |       |   114 |    39 |       |       ||   153
       Arbalest          |       |       |       |       |   884 |    48 |    32 ||   964
       Triple crossbow   |       |       |       |       |       |   335 |   690 ||  1025
       Longbow           |       |       |       |       |       |   892 |   149 ||  1041
Throw: Javelin           |       |     3 |    10 |     8 |       |       |       ||    21
       Tomahawk          |       |       |       |       |    14 |       |       ||    14
Invok: Bend Time         |       |       |       |     1 |       |     1 |       ||     2
       Slouch            |       |       |       |       |     6 |     9 |    15 ||    30
 Abil: Dig               |       |       |       |     1 |    12 |     1 |       ||    14
Evoke: Wand              |       |       |     2 |     2 |     6 |       |       ||    10
  Use: Scroll            |       |     5 |    12 |     6 |    12 |    13 |    10 ||    58
       Potion            |       |     2 |     4 |     5 |     6 |     2 |     4 ||    23
 Stab: Invisible         |       |     1 |     3 |     3 |       |       |       ||     7
       Paralysed         |       |       |       |       |     2 |       |       ||     2
  Eat: Chunk             |     1 |     5 |    10 |    13 |    11 |     7 |    10 ||    57
       Ration            |       |     1 |     2 |       |     2 |     4 |     2 ||    11
Armor: Scale mail        |    37 |    43 |    32 |       |       |       |       ||   112
       Chain mail        |       |       |    86 |   258 |    35 |       |       ||   379
       Plate armour      |       |       |       |       |   221 |   495 |   282 ||   998
Dodge: Dodged            |    21 |    35 |   117 |   409 |   494 |   931 |   522 ||  2529
Block: Shield            |    48 |    57 |   170 |   616 |   682 |  1416 |   822 ||  3811
       Reflection        |       |       |       |       |    11 |   107 |   107 ||   225
       Rpst.: Long sword |     7 |     1 |       |       |     4 |       |       ||    12
       Falchion          |       |     3 |    30 |   126 |     2 |       |       ||   161
       Great sword       |       |       |       |       |       |    13 |       ||    13
